 Dungeon Crawl Stone Soup version 0.27-a0-1325-g58a489ad9e (webtiles) character file.

Game seed: 13899524883063174247

8 knot the Chopper (level 2, 10/24 HPs)
             Began as a Demonspawn Berserker on June 24, 2021.
             Was a Follower of Trog.
             Quit the game on level 1 of the Dungeon.
             The game lasted 00:00:12 (126 turns).

knot the Chopper (Demonspawn Berserker)              Turns: 126, Time: 00:00:13

Health: 10/24      AC:  2    Str: 17    XL:     2   Next: 0%
Magic:  2/2        EV: 12    Int:  8    God:    Trog [*.....]
Gold:   0          SH:  0    Dex: 12    Spells: 1/1 levels left

rFire    . . .     SeeInvis .   a - +0 hand axe
rCold    . . .     Faith    .   (no shield)
rNeg     . . .     Spirit   .   b - +0 animal skin
rPois    .         Reflect  .   (no helmet)
rElec    .         Harm     .   (no cloak)
rCorr    .         Rampage  .   (no gloves)
Will     .....                  (no boots)
Stlth    +.........             (no amulet)
HPRegen  0.08/turn              (no ring)
MPRegen  0.08/turn              (no ring)

@: no status effects
A: spiny 1
a: Renounce Religion, Berserk


You were on level 1 of the Dungeon.
You worshipped Trog.
Trog was aware of your devotion.
You visited 1 branch of the dungeon, and saw 1 of its levels.

Inventory:

Hand Weapons
 a - a +0 hand axe (weapon)
Armour
 b - a +0 animal skin (worn)
Scrolls
 d - a scroll of silence {unknown}
Potions
 c - a potion of attraction {unknown}


   Skills:
 - Level 3.0 Fighting
 + Level 3.2 Axes
 - Level 1.7 Armour
 - Level 1.7 Dodging


You had one spell level left.
You didn't know any spells.
Your spell library was empty.

Dungeon Overview and Level Annotations

Branches:
Dungeon (1/15)

Altars:


Innate Abilities, Weirdness & Mutations

You are partially covered in sharp spines.


Message History

2 jackals come into view.
There are monsters nearby!
A jackal comes into view.
The jackal barks! x2
There are monsters nearby!
Found 4 gold pieces.
The jackal bites you.
The jackal bites you but does no damage.
The jackal closely misses you.
You barely miss the jackal. You hit the jackal but do no damage.
The jackal bites you. The jackal misses you.
The jackal bites you but does no damage.
You closely miss the jackal. You barely miss the jackal.
The jackal barely misses you. The jackal closely misses you. x2
The jackal bites you.
You closely miss the jackal. You hit the jackal. You barely miss the jackal.
The jackal bites you but does no damage.
The jackal bites you. The jackal misses you.
The jackal bites you but does no damage.
The jackal closely misses you.
You hit the jackal.
The jackal is heavily wounded.
You hit the jackal. x2; The jackal closely misses you.
The jackal barely misses you. The jackal bites you. x2
You hit the jackal.
You kill the jackal!
Trog accepts your kill.
You hit the jackal. You hit the jackal but do no damage.
The jackal closely misses you. x2; The jackal barely misses you.
The jackal bites you but does no damage.
You barely miss the jackal.
The jackal is almost dead.
You hit the jackal.
You kill the jackal!
Trog accepts your kill. The jackal bites you. x2
You have reached level 2!
Your demonic ancestry asserts itself...
Sharp spines emerge from parts of your body.
Are you sure you want to abandon this character and quit the game? (Confirm with "yes".)

#...........##.##### ....
............##..)..###.....
............######........#
............# #####....##.#
#..........# #.........#
.......####.........#
....................#
.........##..........#
......h@############...
......†.# ##. ........#
........# .$.....## ......#
######


You could see a jackal.

Vanquished Creatures
  3 goblins (D:1)
  2 jackals (D:1)
  A kobold (D:1)
6 creatures vanquished.

Vanquished Creatures (others)
  A withered plant (D:1)
1 creature vanquished.

Grand Total: 7 creatures vanquished

Notes
Turn   | Place    | Note
-------+----------+-------------------------------------------
     0 | D:1      | knot the Demonspawn Berserker began the quest for the Orb.
     0 | D:1      | Reached XP level 1. HP: 18/18 MP: 1/1
    91 | D:1      | Found a faded altar of an unknown god.
   126 | D:1      | Gained mutation: You are partially covered in sharp spines.
                  | [demonic ancestry]
   126 | D:1      | Reached XP level 2. HP: 10/24 MP: 2/2
   126 | D:1      | Quit the game

Illustrated notes

Levels and vault maps discovered:
D:1:      sevenhm_arrival_forest_fort_large_4, layout_rooms,
          ebering_ecumenical_altar_petrified

Skill      XL: |  1 |
---------------+----+-----
Axes           | 3 |  3.2
Fighting       | |  3.0
Armour         | |  1.7
Dodging        | |  1.7

Action                   || total
-------------------------++-------
Melee: Hand axe          ||    12
Armor: Animal skin       ||     6
Dodge: Dodged            ||    14

Table legend: (Time is in decaauts)
 A = Elapsed time spent in this place.
 B = Non-inter-level travel time spent in this place.
 C = Inter-level travel time spent in this place.
 D = Time resting spent in this place.
 E = Time spent auto-exploring this place.
 F = Levels seen in this place.
 G = Mean time per level.
                   A        B        C        D        E       F      G
               +--------+--------+--------+--------+--------+-----+--------+
         Total |    127 |    127 |      0 |      0 |     93 |   1 |  127.0 |
       Dungeon |    127 |    127 |      0 |      0 |     93 |   1 |  127.0 |
               +--------+--------+--------+--------+--------+-----+--------+

Top non-repeatable levels by time:
     D:1: 127 daAuts
